 Seeded DCSS version 0.29-a0-911-g88e6f02907 (webtiles) character file.

Game seed: 7483000318030779379 (custom seed)

2 purpskrrrp the Sneak (level 1, -1/9 HPs)
             Began as a Vine Stalker Enchanter on July 25, 2022.
             Slain by a kobold
             ... wielding a +0 dagger
              (2 damage)
             ... on level 1 of the Dungeon.
             The game lasted 00:00:24 (89 turns).

purpskrrrp the Sneak (Vine Stalker Enchanter)         Turns: 89, Time: 00:00:24

Health: -1/9       AC:  2    Str: 10    XL:     1   Next: 40%
Magic:  0/4        EV: 12    Int: 15    God:
Gold:   0          SH:  0    Dex: 14    Spells: 4/4 levels left

rFire   . . .      SeeInvis .   a - +1 dagger
rCold   . . .      Faith    .   (no shield)
rNeg    . . .      Spirit   +   b - +0 robe
rPois   .          Reflect  .   (no helmet)
rElec   .          Harm     .   (no cloak)
rCorr   .          Rampage  .   (no gloves)
Will    .....                   (no boots)
Stlth   ++........              (no amulet)
HPRegen 0.03/turn               (no ring)
MPRegen 0.09/turn               (no ring)

@: no status effects
A: fangs 2, magic shield, antimagic bite, no potion heal 2
a: no special abilities


You were on level 1 of the Dungeon.
You visited 1 branch of the dungeon, and saw 1 of its levels.

Inventory:

Hand Weapons
 a - a +1 dagger (weapon)
Missiles
 e - 6 poisoned darts (quivered)
Armour
 b - a +0 robe (worn)
Scrolls
 d - a scroll of summoning {unknown}
Potions
 c - 2 potions of invisibility


   Skills:
 + Level 0.8 Short Blades
 + Level 1.6 Dodging
 + Level 3.7 Stealth
 + Level 2.2 Spellcasting
 + Level 3.0 Hexes


You had 4 spell levels left.
You didn't know any spells.
Your spell library contained the following spells:

 Spells                   Type           Power      Damage    Failure   Level
 Ensorcelled Hibernation  Hex/Ice        12%        N/A       17%         2
 Confusing Touch          Hex            10%        N/A       19%         3
 Tukima's Dance           Hex            10%        N/A       19%         3
 Dazzling Flash           Conj/Hex       12%        N/A       34%         3
 Yara's Violent Unravell  Hex/Tmut       3%         3d4       97%         5
 Enfeeble                 Hex            5%         N/A       100%        7


Dungeon Overview and Level Annotations

Branches:
Dungeon (1/15)

Altars:


Innate Abilities, Weirdness & Mutations

You have extremely sharp teeth.
When hurt, damage is shared between your health and your magic reserves.
Your bite disrupts and absorbs the magic of your enemies.
Potions cannot restore your health.


Message History

The hobgoblin closely misses you. The ball python barely misses you. x2
You hit the hobgoblin but do no damage. The hobgoblin misses you.
The ball python bites you. The ball python grabs you.
The ball python constricts you.
You closely miss the ball python. You bite the ball python.
You drain its power.
You feel invigorated.
The ball python is heavily wounded.
The hobgoblin barely misses you. The ball python bites you.
The ball python constricts you.
You hit the ball python.
You kill the ball python!
The hobgoblin closely misses you.
You barely miss the hobgoblin. Your bite misses the hobgoblin.
The hobgoblin closely misses you.
You hit the hobgoblin but do no damage.
You bite the hobgoblin, but do no damage.
The hobgoblin hits you.
You are too injured to fight recklessly!
You are too injured to fight recklessly!
You are too injured to fight recklessly!
You hit the hobgoblin. You bite the hobgoblin. You drain its power.
You feel invigorated.
The hobgoblin is severely wounded.
The hobgoblin hits you.
You hit the hobgoblin.
You kill the hobgoblin!
You start resting.
A kobold comes into view. It is wielding a +0 dagger.
A kobold is nearby!
The kobold shouts!
The kobold throws a stone.
The stone hits you.
A kobold is nearby!
The kobold throws a stone.
The stone hits you.
* * * LOW HITPOINT WARNING * * *
You closely miss the kobold. The kobold hits you with a +0 dagger.
* * * LOW HITPOINT WARNING * * *
You hit the kobold.
The kobold is moderately wounded.
The kobold hits you with a +0 dagger.
You die...

#.#....##.##
...?..§
#.#....##.#
####+###
#......##.#
###8#8+8#
#.....#.##
##........
#....†#.#
#....[....
#.^.†.#.#
#+.........
#.#.#...+
+8.....<...
#..##K#
##.........
##. #@#
#.........
## #.#
##........
#.#
####8+8##
##.# ##+##
.# #. #. ##


You could see a kobold.

Vanquished Creatures
  A ball python (D:1)
  A hobgoblin (D:1)
2 creatures vanquished.

Notes
Turn   | Place    | Note
-------+----------+-------------------------------------------
     0 | D:1      | purpskrrrp the Vine Stalker Enchanter began the quest for
                  | the Orb.
     0 | D:1      | Reached XP level 1. HP: 9/9 MP: 4/4
    89 | D:1      | Slain by a kobold

Illustrated notes

Levels and vault maps discovered:
D:1:      dpeg_arrival_morbid_curiosity, layout_rooms

Action                   || total
-------------------------++-------
Melee: Dagger            ||    11
       Bite              ||     4
Dodge: Dodged            ||     9

Table legend: (Time is in decaauts)
 A = Elapsed time spent in this place.
 B = Non-inter-level travel time spent in this place.
 C = Inter-level travel time spent in this place.
 D = Time resting spent in this place.
 E = Time spent auto-exploring this place.
 F = Levels seen in this place.
 G = Mean time per level.
                   A        B        C        D        E       F      G
               +--------+--------+--------+--------+--------+-----+--------+
         Total |     88 |     88 |      0 |     12 |     49 |   1 |   88.0 |
       Dungeon |     88 |     88 |      0 |     12 |     49 |   1 |   88.0 |
               +--------+--------+--------+--------+--------+-----+--------+

Top non-repeatable levels by time:
     D:1: 88 daAuts
